 Dungeon Crawl Stone Soup version 0.29-a0-723-gce39da1c22 (webtiles) character file.

Game seed: 13308493872726554332

595 sammy202020 the Trooper (level 7, -7/64 HPs)
             Began as a Minotaur Fighter on June 28, 2022.
             Killed by divine providence
             ... invoked by an orc priest
              (15 damage)
             ... on level 4 of the Dungeon.
             The game lasted 00:04:01 (3631 turns).

sammy202020 the Trooper (Minotaur Fighter)          Turns: 3631, Time: 00:04:02

Health: -7/64      AC: 13    Str: 20    XL:     7   Next: 17%
Magic:  6/6        EV:  7    Int:  7    God:
Gold:   237        SH:  5    Dex: 10    Spells: 6/6 levels left

rFire   . . .      SeeInvis .   a - +1 war axe (vorpal)
rCold   . . .      Faith    .   c - +0 buckler
rNeg    . . .      Spirit   .   h - +0 chain mail
rPois   .          Reflect  .   (helmet restricted)
rElec   .          Harm     .   v - +0 cloak {Will+}
rCorr   .          Rampage  .   r - +1 pair of gloves
Will    +....                   (no boots)
Stlth   ..........              (no amulet)
HPRegen 0.20/turn               (no ring)
MPRegen 0.10/turn               (no ring)

@: mighty
A: horns 2, retaliatory headbutt
a: no special abilities


You were on level 4 of the Dungeon.
You visited 1 branch of the dungeon, and saw 4 of its levels.

You collected 237 gold pieces.

Inventory:

Hand Weapons
 a - a +1 vorpal war axe (weapon)
 q - a +0 flail
Armour
 c - a +0 buckler (worn)
 h - a +0 chain mail (worn)
 r - a +1 pair of gloves (worn)
 v - a +0 cloak of willpower (worn)
Jewellery
 u - a ring of magical power
Wands
 n - a wand of iceblast (13)
Scrolls
 b - a scroll of fog
 e - a scroll of teleportation
 o - 2 scrolls of magic mapping
 t - a scroll of identify
 w - a scroll of fear
 x - 2 scrolls of enchant weapon
Potions
 f - a potion of lignification {unknown}
 g - 2 potions of brilliance
 i - 3 potions of curing
 j - a potion of magic {unknown}
 k - a potion of berserk rage {unknown}
 l - a potion of attraction {unknown}
 m - a potion of degeneration {unknown}
 p - 3 potions of heal wounds
 s - a potion of cancellation {unknown}
 z - 2 potions of mutation {unknown}


   Skills:
 * Level 6.4 Fighting
 * Level 5.8 Axes
 + Level 5.2 Armour
 + Level 5.1 Shields


You had 6 spell levels left.
You didn't know any spells.
Your spell library contained the following spells:

 Spells                   Type           Power      Damage    Failure   Level
 Foxfire                  Conj/Fire      0%         2x1d4     99%         1
 Conjure Flame            Conj/Fire      0%         6-21      100%        3
 Inner Flame              Hex/Fire       0%         N/A       100%        3
 Flame Wave               Conj/Fire      0%         2d4       100%        4
 Summon Forest            Summ/Tloc      0%         N/A       100%        5
 Summon Mana Viper        Hex/Summ       0%         N/A       100%        5
 Summon Cactus Giant      Summ           0%         N/A       100%        6


Dungeon Overview and Level Annotations

Branches:
Dungeon (4/15)
 Temple: D:4-7

Altars:
Hepliaklqana

Annotations:
D:3 1 runed translucent door, MrPoopyBoutHole's ghost, amateur FoHu


Innate Abilities, Weirdness & Mutations

You have a pair of horns on your head.
You reflexively headbutt those who attack you in melee.


Message History

You are too injured to fight recklessly!
You are too injured to fight recklessly!
You are too injured to fight recklessly!
You are too injured to fight recklessly!
You are too injured to fight recklessly!
You are too injured to fight recklessly!
You are too injured to fight recklessly!
You are too injured to fight recklessly!
You are too injured to fight recklessly!
You are too injured to fight recklessly!
You are too injured to fight recklessly!
You are too injured to fight recklessly!
You are too injured to fight recklessly!
You are too injured to fight recklessly!
You are too injured to fight recklessly!
You are too injured to fight recklessly!
You are too injured to fight recklessly!
You are too injured to fight recklessly!
You are too injured to fight recklessly!
You are too injured to fight recklessly!
Unknown command.
Sorry, you're not good enough to have a special ability.
You feel very mighty all of a sudden.
The orc warrior hits you but does no damage.
You hit the orc warrior.
The orc warrior is heavily wounded.
The orc warrior hits you with a +0 trident.
You barely miss the orc warrior.
The orc warrior is heavily wounded.
The orc warrior barely misses you.
The orc priest mumbles some strange prayers to Beogh against you.
Beogh smites you!
* * * LOW HITPOINT WARNING * * *
The orc warrior hits you with a +0 trident.
* * * LOW HITPOINT WARNING * * *
You closely miss the orc warrior.
The orc warrior is heavily wounded.
The orc priest mumbles some strange prayers to Beogh against you.
Beogh smites you!
You die... # # ...... ## .... .# .... .## ... ..## #oo

...# #o# #.
#### #o#
##...
#@##.....
##........
#.........
#..##..###
#.## #.#
##.###..#
##.......# #
###.####...#
### ##..##
#.#


You could see an orc warrior, an orc priest and 2 orcs.

Vanquished Creatures
  Sigmund (D:4)
  Menkaure (D:4)
  A necrophage (D:3)
  A hound (D:4)
  Crazy Yiuf (D:2)
  Ijyb (D:3)
  An iguana (D:2)
  Terence (D:3)
  Robin (D:3)
  2 adders (D:2)
  2 worms
  2 dart slugs
  4 ball pythons
  6 endoplasms
  A giant cockroach (D:2)
  19 goblins
  5 hobgoblins
  7 jackals
  5 quokkas
  6 bats
  4 frilled lizards
  7 kobolds
  10 rats
89 creatures vanquished.

Vanquished Creatures (others)
  A hobgoblin (D:3)
  2 withered plants (D:3)
3 creatures vanquished.

Grand Total: 92 creatures vanquished

Notes
Turn   | Place    | Note
-------+----------+-------------------------------------------
     0 | D:1      | sammy202020 the Minotaur Fighter began the quest for the
                  | Orb.
     0 | D:1      | Reached XP level 1. HP: 19/19 MP: 0/0
   151 | D:1      | Reached XP level 2. HP: 27/27 MP: 1/1
   199 | D:1      | Reached skill level 4 in Fighting
   500 | D:1      | Reached XP level 3. HP: 31/33 MP: 2/2
  1189 | D:2      | Found a runed translucent door.
  1190 | D:2      | Noticed Crazy Yiuf
  1266 | D:2      | Reached XP level 4. HP: 40/41 MP: 3/3
  1691 | D:2      | Found a faded altar of an unknown god.
  1881 | D:2      | Killed Crazy Yiuf
  2266 | D:3      | Noticed Ijyb
  2271 | D:3      | Noticed Terence
  2276 | D:3      | Killed Ijyb
  2277 | D:3      | Reached skill level 5 in Fighting
  2277 | D:3      | Reached XP level 5. HP: 38/48 MP: 4/4
  2287 | D:3      | Killed Terence
  2415 | D:3      | Noticed Robin
  2419 | D:3      | Found a runed translucent door.
  2419 | D:3      | Noticed MrPoopyBoutHole's ghost (amateur FoHu)
  2425 | D:3      | Killed Robin
  2706 | D:3      | Reached XP level 6. HP: 56/56 MP: 5/5
  2747 | D:3      | Found a hazy altar of Hepliaklqana.
  3012 | D:4      | Noticed Sigmund
  3028 | D:4      | Killed Sigmund
  3029 | D:4      | Reached skill level 6 in Fighting
  3029 | D:4      | Reached skill level 5 in Axes
  3200 | D:4      | Noticed Menkaure
  3208 | D:4      | Killed Menkaure
  3209 | D:4      | Reached skill level 5 in Armour
  3209 | D:4      | Reached skill level 5 in Shields
  3209 | D:4      | Reached XP level 7. HP: 17/64 MP: 6/6
  3631 | D:4      | Killed from afar by an orc priest

Illustrated notes

Levels and vault maps discovered:
D:1:      minmay_arrival_semitransparent, layout_loops_cross, minivault_24
D:2:      layout_basic, shapermc_ecumenical_altar_hornbeckon,
          uniq_crazy_yiuf_cottage
D:3:      layout_basic, mainiacjoe_overflow_alcove_4, gammafunk_ghost_grave,
          uniq_robin, uniq_ijyb, uniq_terence
D:4:      layout_cave_pods, minivault_27, uniq_natasha, uniq_menkaure,
          uniq_sigmund

Skill      XL: |  1  2  3  4  5  6 |
---------------+-------------------+-----
Fighting       | 4 5 6 |  6.4
Axes           | 3 4 5 |  5.8
Shields        | 4 5 |  5.1
Armour         | 4 5 |  5.2

Action                   |  1- 3 |  4- 6 |  7- 9 || total
-------------------------+-------+-------+-------++-------
Melee: War axe           |    72 |   105 |    15 ||   192
       Headbutt          |    11 |    19 |     1 ||    31
  Use: Scroll            |     1 |    11 |       ||    12
       Potion            |       |       |     1 ||     1
Armor: Scale mail        |    26 |    20 |       ||    46
       Chain mail        |       |    44 |     8 ||    52
Dodge: Dodged            |    39 |    35 |     6 ||    80
Block: Buckler           |    17 |    20 |     3 ||    40

Table legend: (Time is in decaauts)
 A = Elapsed time spent in this place.
 B = Non-inter-level travel time spent in this place.
 C = Inter-level travel time spent in this place.
 D = Time resting spent in this place.
 E = Time spent auto-exploring this place.
 F = Levels seen in this place.
 G = Mean time per level.
                   A        B        C        D        E       F      G
               +--------+--------+--------+--------+--------+-----+--------+
         Total |   3701 |   3676 |     25 |    636 |   2413 |   4 |  925.2 |
       Dungeon |   3701 |   3676 |     25 |    636 |   2413 |   4 |  925.2 |
               +--------+--------+--------+--------+--------+-----+--------+

Top non-repeatable levels by time:
     D:2: 1603 daAuts
     D:3: 706 daAuts
     D:1: 701 daAuts
     D:4: 689 daAuts
